 Dungeon Crawl Stone Soup version 0.28-a0-779-g3d1f99b579 (webtiles) character file.

Game seed: 11050030446844023420

291 Gwenloh the Shield-Bearer (level 6, -1/43 HPs)
             Began as an Octopode Fighter on Nov 2, 2021.
             Was a Believer of Okawaru.
             Slain by a phantom (5 damage)
             ... on level 4 of the Dungeon.
             The game lasted 00:15:47 (4311 turns).

Gwenloh the Shield-Bearer (Octopode Fighter)        Turns: 4311, Time: 00:15:47

Health: -1/43      AC:  4    Str: 15    XL:     6   Next: 32%
Magic:  6/6        EV: 12    Int: 10    God:    Okawaru [**....]
Gold:   1008       SH:  9    Dex: 14    Spells: 5/5 levels left

rFire   . . .      SeeInvis .     - Unarmed
rCold   . . .      Faith    .   d - +0 kite shield {AC+3}
rNeg    . . .      Spirit   .   (helmet restricted)
rPois   .          Reflect  .   (no amulet)
rElec   .          Harm     .   (no ring)
rCorr   .          Rampage  .   (no ring)
Will    .....                   (no ring)
Stlth   ++........              (no ring)
HPRegen 0.14/turn               (no ring)
MPRegen 0.10/turn               (no ring)
                                (no ring)
                                (no ring)

@: no status effects
A: almost no armour, amphibious, 8 rings, camouflage 1, gelatinous body 1,
(nimble swimmer 1), tentacles
a: Renounce Religion, Heroism


You were on level 4 of the Dungeon.
You worshipped Okawaru.
Okawaru was pleased with you.
You visited 1 branch of the dungeon, and saw 7 of its levels.

You collected 1008 gold pieces.

Inventory:

Missiles
 c - 51 sling bullets
 e - 62 stones (quivered)
 l - 17 bolts
Armour
 a - a +0 buckler
 d - a +0 kite shield of protection (worn)
Scrolls
 f - 2 scrolls of amnesia
 h - a scroll of enchant weapon
 i - 3 scrolls of teleportation
 k - a scroll of acquirement
 m - a scroll of brand weapon
Potions
 b - a potion of might
 g - 2 potions of invisibility
 j - a potion of attraction
 n - a potion of flight {unknown}
 o - a potion of curing {unknown}
 p - a potion of magic {unknown}


   Skills:
 + Level 4.2 Fighting
 + Level 4.2 Dodging
 + Level 4.3 Shields
 + Level 3.5 Unarmed Combat


You had 5 spell levels left.
You didn't know any spells.
Your spell library contained the following spells:

 Spells                   Type           Power      Damage    Failure   Level
 Pain                     Necr           0%         1d4       83%         1
 Vampiric Draining        Necr           0%         2d6       99%         3
 Animate Skeleton         Necr           Unusable   N/A       N/A         1

Dungeon Overview and Level Annotations

Branches:
Dungeon (7/15)
 Temple: D:4-7

Altars:
Okawaru

Shops:
D:1 (   D:3 :   D:4 *


Innate Abilities, Weirdness & Mutations

You cannot wear most types of armour.
You are amphibious.
You can wear up to eight rings at the same time.
Your skin changes colour to match your surroundings (Stealth+).
Your rubbery body absorbs attacks. (AC +1, EV +1)
((You are camouflaged near water. (Stealth+)))
You have tentacles for arms and can constrict up to eight enemies at once.


Message History

The phantom is severely damaged.
You block the phantom's attack.
You completely miss the phantom.
The phantom is severely damaged.
The phantom barely misses you.
You barely miss the phantom.
The phantom is severely damaged.
The phantom hits you but does no damage.
You tentacle-slap the phantom. Your squeeze misses the phantom.
The phantom is severely damaged.
The phantom hits you.
You barely miss the phantom.
The phantom is severely damaged.
The phantom closely misses you.
You tentacle-slap the phantom but do no damage.
Your squeeze misses the phantom.
The phantom is severely damaged.
You block the phantom's attack.
You closely miss the phantom. Your squeeze misses the phantom.
The phantom is severely damaged.
The phantom closely misses you. x2
You closely miss the phantom.
The phantom is severely damaged.
The phantom hits you.
* * * LOW HITPOINT WARNING * * *
The phantom blinks!
You blink.
You closely miss the phantom.
The phantom is severely damaged.
The phantom hits you.
* * * LOW HITPOINT WARNING * * *
The phantom blinks!
You blink.
You tentacle-slap the phantom.
The phantom is severely damaged.
The phantom hits you.
* * * LOW HITPOINT WARNING * * *
The phantom blinks!
You blink.
You tentacle-slap the phantom.
The phantom is almost destroyed.
The phantom hits you.
You die...

#8# #.#.......# ##'###
#.# #.###.###.#.###....#
#.# #.#................#
#.###.#.#.......###....#
#.......######..# #....#
##..............###ยง...#
#......######.........#
######.# #.........#
#.######.W@..#####
#............#
########.....# #.....# ..
####### #$ #. #. # #


You could see a phantom.

Vanquished Creatures
  A centaur skeleton (D:6)
  An orc wizard (D:3)
  2 iguanas
  Robin (D:3)
  3 gnolls (D:3)
  3 adders
  A shadow imp (D:6)
  An adder skeleton (D:4)
  2 worms
  3 dart slugs
  5 orcs (D:3)
  5 ball pythons
  7 endoplasms
  4 giant cockroaches
  16 goblins
  7 hobgoblins
  8 jackals
  2 quokkas (D:1)
  6 bats
  5 frilled lizards
  6 kobolds
  4 rats
93 creatures vanquished.

Notes
Turn   | Place    | Note
-------+----------+-------------------------------------------
     0 | D:1      | Gwenloh the Octopode Fighter began the quest for the Orb.
     0 | D:1      | Reached XP level 1. HP: 16/16 MP: 1/1
   346 | D:1      | Reached XP level 2. HP: 20/21 MP: 2/2
   450 | D:1      | Found Kuac's Weapon Shoppe.
   632 | D:1      | Reached XP level 3. HP: 25/26 MP: 3/3
   853 | D:1      | Found a faded altar of an unknown god.
   902 | D:1      | Prayed at the altar of an unknown god.
   902 | D:1      | Became a worshipper of Warmaster Okawaru
   902 | D:1      | Reached * piety under Okawaru
  1260 | D:2      | Reached XP level 4. HP: 21/31 MP: 4/4
  2233 | D:3      | Reached XP level 5. HP: 37/37 MP: 5/5
  2488 | D:3      | You fall into a shaft and drop 3 floors!
  2503 | D:6      | Noticed a phantom
  2714 | D:6      | Reached ** piety under Okawaru
  2740 | D:5      | Entered Level 5 of the Dungeon
  2890 | D:3      | Found Miam's Book Boutique.
  3044 | D:3      | Noticed Robin
  3137 | D:4      | Reached XP level 6. HP: 36/43 MP: 6/6
  3226 | D:3      | Killed Robin
  4180 | D:4      | Found Nosag's General Store.
  4242 | D:4      | Identified 3 scrolls of acquirement
  4259 | D:4      | Acquired 822 gold pieces
  4261 | D:4      | Acquired a +0 kite shield of protection
  4311 | D:4      | Slain by a phantom

Illustrated notes

Levels and vault maps discovered:
D:1:      pf_arrival_petrified_forest, layout_rooms, serial_shops, shop,
          shapermc_ecumenical_altar_notcrosses
D:2:      layout_basic
D:3:      layout_basic, serial_shops,
          nicolae_shop_temple_entry_statues_fountains, uniq_robin
D:4:      layout_basic, gammafunk_temple_overflow_statue, serial_shops,
          nicolae_shop_statue_plus, kennysheep_generic_room_5
D:5:      layout_rooms, minivault_5
D:6:      layout_basic, mrwooster_statue_mirror
D:7:      layout_cave_pools, lightli_temple_of_fire, jmf_multi_god_temple,
          minmay_temple_entry_enclosed_plants, serial_gnoll_camp,
          gnoll_camp_mini_hut, gnoll_camp_mini_house, gnoll_camp_mini_basic,
          gnoll_camp_mini_shop, gnoll_camp_mini_hut, uniq_joseph, uniq_maggie,
          uniq_menkaure

Skill      XL: |  1  2  3  4  5 |
---------------+----------------+-----
Unarmed Combat | 3 |  3.5
Fighting       | 4 |  4.2
Shields        | 4 |  4.3
Dodging        | 4 |  4.2

Action                   |  1- 3 |  4- 6 || total
-------------------------+-------+-------++-------
Melee: Unarmed           |    70 |   148 ||   218
       Tentacles         |    20 |    29 ||    49
       Constrict         |    19 |    27 ||    46
       Punch             |     2 |     5 ||     7
Throw: Stone             |    90 |   103 ||   193
  Use: Scroll            |       |     9 ||     9
 Stab: Sleeping          |     1 |       ||     1
Armor: Skin              |     3 |     8 ||    11
Dodge: Dodged            |    23 |    66 ||    89
Block: Buckler           |     7 |    17 ||    24
       Kite shield       |       |    10 ||    10

Table legend: (Time is in decaauts)
 A = Elapsed time spent in this place.
 B = Non-inter-level travel time spent in this place.
 C = Inter-level travel time spent in this place.
 D = Time resting spent in this place.
 E = Time spent auto-exploring this place.
 F = Levels seen in this place.
 G = Mean time per level.
                   A        B        C        D        E       F      G
               +--------+--------+--------+--------+--------+-----+--------+
         Total |   4339 |   4287 |     52 |    540 |   2764 |   7 |  619.9 |
       Dungeon |   4339 |   4287 |     52 |    540 |   2764 |   7 |  619.9 |
               +--------+--------+--------+--------+--------+-----+--------+

Top non-repeatable levels by time:
     D:3: 1668 daAuts
     D:2: 1002 daAuts
     D:1: 986 daAuts
     D:4: 401 daAuts
     D:7: 181 daAuts
     D:6: 71 daAuts
     D:5: 27 daAuts
